 Dungeon Crawl Stone Soup version 0.31-a0-229-g1fc7ce93e2 (webtiles) character file.

Game seed: 8164259284105688646

378 innerfire43 the Trooper (level 6, -6/49 HPs)
             Began as a Demonspawn Monk on July 6, 2023.
             Was an Elder of Cheibriados.
             Mangled by an ogre
             ... wielding a +0 giant club
              (16 damage)
             ... on level 4 of the Dungeon.
             The game lasted 00:04:49 (3085 turns).

innerfire43 the Trooper (Demonspawn Monk)           Turns: 3085, Time: 00:04:49

Health: -6/49      AC: 11    Str: 29    XL:     6   Next: 45%
Magic:  6/6        EV: 16    Int: 20    God:    Cheibriados [****..]
Gold:   172        SH:  0    Dex: 37    Spells: 5/5 levels left

rFire   . . .        x - +3 hand axe of Raiwkuo {flame, Dex+7}
rCold   . . .        d - orb {light}
rNeg    . . .        y - +3 ring mail
rPois   .            (no helmet)
rElec   .            z - +0 cloak
rCorr   .            q - +0 pair of gloves
SInv    .            (no boots)
Will    .....        (no amulet)
Stlth   +            f - +6 ring of strength
HPRegen 0.28/turn    p - +6 ring of dexterity
MPRegen 0.10/turn

%: no passive effects
@: glowing, very slow
A: sharp scales 1, demonic touch 2
a: Renounce Religion, Bend Time, Temporal Distortion, Slouch


You were on level 4 of the Dungeon.
You worshipped Cheibriados.
Cheibriados was greatly pleased with you.
You visited 1 branch of the dungeon, and saw 4 of its levels.

You collected 172 gold pieces.

Inventory:

Hand Weapons
 a - a +0 hand axe
 g - a +5 dagger
 u - a +2 dagger of draining
 x - the +3 hand axe of Raiwkuo (weapon) {flame, Dex+7}
   (You found it on level 3 of the Dungeon)

   Dex:       It affects your dexterity (+7).
Missiles
 m - a throwing net
Armour
 b - a +1 robe
 d - an orb of light (worn)
 q - a +0 pair of gloves (worn)
 y - a +3 ring mail (worn)
 z - a +0 cloak (worn)
Jewellery
 f - a +6 ring of strength (left hand)
 o - a ring of willpower
 p - a +6 ring of dexterity (right hand)
Scrolls
 e - 2 scrolls of vulnerability
 h - 4 scrolls of fear
 k - 2 scrolls of teleportation
 n - a scroll of revelation
Potions
 c - a potion of ambrosia
 i - 2 potions of haste {unknown}
 j - a potion of brilliance {unknown}
 l - a potion of curing
 r - a potion of enlightenment {unknown}
 s - a potion of lignification {unknown}
 t - a potion of attraction {unknown}
 v - 3 potions of resistance {unknown}
 w - a potion of might {unknown}


   Skills:
 + Level 4.5 Fighting
 - Level 2.6 Short Blades
 * Level 3.7 Axes
 * Level 4.3 Dodging


You had 5 spell levels left.
You didn't know any spells.
Your spell library was empty.

Dungeon Overview and Level Annotations

Branches:
Dungeon (4/15)
 Temple: D:4-7

Altars:
Cheibriados
Kikubaaqudgha

Shops:
D:4 [*


Innate Abilities, Weirdness & Mutations

You are partially covered in razor-sharp scales. (AC +1, Slay +1)
Your touch may inflict irresistible damage on your foes.


Message History

The hobgoblin hits you.
There are monsters nearby!
The hobgoblin shouts!
You hit the hobgoblin. You burn the hobgoblin.
The hobgoblin is almost dead.
The hobgoblin barely misses you.
You hit the hobgoblin. You burn the hobgoblin.
You kill the hobgoblin!
Cheibriados thoroughly appreciates the change of pace.
A hobgoblin is nearby!
Found 9 gold pieces.
The hobgoblin misses you.
You see here a hobgoblin corpse.
A hobgoblin is nearby!
You slash the hobgoblin! You burn the hobgoblin.
You kill the hobgoblin!
Cheibriados thoroughly appreciates the change of pace.
You now have 172 gold pieces (gained 9).
An ogre comes into view. It is wielding a +0 giant club.
Found a potion of ambrosia.
An ogre is nearby!
The ogre shouts!
The ogre hits you with a +0 giant club!
An ogre is nearby!
You slash the ogre! You burn the ogre.
The ogre is heavily wounded.
An ogre is nearby!
You completely miss the ogre.
The ogre is heavily wounded.
The ogre hits you with a +0 giant club!!
* * * LOW HITPOINT WARNING * * *
An ogre is nearby!
You are too injured to fight recklessly!
You are too injured to fight recklessly!
An ogre is nearby!
You are too injured to fight recklessly!
Unknown command.
You hit the ogre. You burn the ogre.
The ogre is severely wounded.
The ogre hits you with a +0 giant club!
You die...

#....##.##..
##.#..##.##.. #
##..##.###.... #.
##..#######.... #..
#...## ##..... #..#
###....####...##.
##..!##............###.
#..................###.
#....O@............##..
#........#####.....†...
#.......## ###.......
#..##...# ##...##. #.
#..## #..#### # ##.#
#.## #.. #.# ##. #.# #.


You could see an ogre.

Vanquished Creatures
  The ghost of fozzywoppz the Trooper, an amateur GrFi (D:3)
  A phantom (D:3)
  A jelly (D:4)
  A sleepcap (D:4)
  An orc wizard (D:3)
  5 adders
  A worm (D:3)
  3 dart slugs
  11 orcs (D:3)
  6 ball pythons
  A bat zombie (D:3)
  5 endoplasms
  4 giant cockroaches
  8 goblins
  8 hobgoblins
  14 kobolds
  2 quokkas
  5 bats
  4 rats
82 creatures vanquished.

Notes
Turn   | Place    | Note
-------+----------+-------------------------------------------
     0 | D:1      | innerfire43 the Demonspawn Monk began the quest for the
                  | Orb.
     0 | D:1      | Reached XP level 1. HP: 18/18 MP: 1/1
   281 | D:1      | Gained mutation: Your touch may inflict minor irresistible
                  | damage on your foes. [demonic ancestry]
   281 | D:1      | Reached XP level 2. HP: 19/24 MP: 2/2
  1095 | D:2      | Gained mutation: You are partially covered in razor-sharp
                  | scales. (AC +1, Slay +1) [demonic ancestry]
  1095 | D:2      | Reached XP level 3. HP: 27/29 MP: 3/3
  1502 | D:2      | Reached skill level 1 in Short Blades
  1592 | D:2      | Reached XP level 4. HP: 31/37 MP: 4/4
  1782 | D:2      | Found a faded altar of an unknown god.
  1794 | D:2      | Prayed at the altar of an unknown god.
  1794 | D:2      | Became a worshipper of Cheibriados the Contemplative
  1794 | D:2      | Reached * piety under Cheibriados
  1794 | D:2      | Reached ** piety under Cheibriados
  1873 | D:3      | Reached *** piety under Cheibriados
  2085 | D:3      | Noticed fozzywoppz's ghost (amateur GrFi)
  2086 | D:3      | Found a runed translucent gate.
  2097 | D:3      | Found a runed translucent gate.
  2097 | D:3      | Found a runed translucent gate.
  2111 | D:3      | Noticed a phantom
  2119 | D:3      | Killed a phantom
  2120 | D:3      | Reached XP level 5. HP: 33/42 MP: 5/5
  2309 | D:3      | Identified the +3 hand axe of Raiwkuo {flame, Dex+7}
  2597 | D:3      | Found an ancient bone altar of Kikubaaqudgha.
  2689 | D:3      | Killed fozzywoppz's ghost
  2689 | D:3      | Reached **** piety under Cheibriados
  2690 | D:3      | Gained mutation: Your touch may inflict irresistible damage
                  | on your foes. [demonic ancestry]
  2690 | D:3      | Reached XP level 6. HP: 42/49 MP: 6/6
  2846 | D:4      | Found Dedyseum's Armour Emporium.
  2853 | D:4      | Found Tiasin's General Store.
  3085 | D:4      | Mangled by an ogre

Illustrated notes

Levels and vault maps discovered:
D:1:      dpeg_arrival_water_fire, layout_basic, minmay_domino_4
D:2:      cheibrodos_old_hovel, layout_basic, shapermc_ecumenical_altar_pompeii,
          guppyfry_early_lair_pool
D:3:      layout_basic, lemuel_zombie_altar_kikubaaqudgha,
          biasface_ghost_orc_armoury
D:4:      minmay_inner_zag, layout_layer_cave, serial_shops,
          kennysheep_mini_moat, nicolae_shop_scrapyard, shop,
          supply_closet_lemuel

Skill      XL: |  1  2  3  4  5 |
---------------+----------------+-----
Axes           | 3 |  3.7
Dodging        | 3 4 |  4.3
Short Blades   | 1 2 |  2.6
Fighting       | 4 |  4.5

Action                     |  1- 3 |  4- 6 || total
---------------------------+-------+-------++-------
  Melee: Hand axe          |    83 |    44 ||   127
         Dagger            |    11 |    49 ||    60
    Use: Scroll            |     8 |     1 ||     9
   Stab: Sleeping          |       |     1 ||     1
         Distracted        |       |     1 ||     1
 Armour: Robe              |    14 |    18 ||    32
         Ring mail         |       |     9 ||     9
  Dodge: Dodged            |    76 |    63 ||   139

Table legend: (Time is in decaauts)
 A = Elapsed time spent in this place.
 B = Non-inter-level travel time spent in this place.
 C = Inter-level travel time spent in this place.
 D = Time resting spent in this place.
 E = Time spent auto-exploring this place.
 F = Levels seen in this place.
 G = Mean time per level.
                   A        B        C        D        E       F      G
               +--------+--------+--------+--------+--------+-----+--------+
         Total |   3823 |   3628 |    195 |      0 |   2993 |   4 |  955.8 |
       Dungeon |   3823 |   3628 |    195 |      0 |   2993 |   4 |  955.8 |
               +--------+--------+--------+--------+--------+-----+--------+

Top non-repeatable levels by time:
     D:3: 1483 daAuts
     D:1: 1078 daAuts
     D:2: 745 daAuts
     D:4: 516 daAuts
